 Dungeon Crawl Stone Soup version 0.32-a0-7-ge934b4519a (webtiles) character file.

Game seed: 5702500472160343281

144 zazu2006 the Grappler (level 5, -2/43 HPs)
             Began as a Gnoll Wanderer on Jan 14, 2024.
             Slain by a gnoll bouda
             ... wielding a +0 whip
              (11 damage)
             ... on level 4 of the Dungeon.
             The game lasted 00:06:35 (2828 turns).

zazu2006 the Grappler (Gnoll Wanderer)              Turns: 2828, Time: 00:06:35

Health: -2/43      AC:  5    Str: 15    XL:     5   Next: 26%
Magic:  7/7        EV: 12    Int: 10    God:
Gold:   195        SH:  0    Dex: 11    Spells: 3/6 levels left

rFire   . . .        n - +0 morningstar
rCold   + . .        (no shield)
rNeg    . . .        g - +0 leather armour
rPois   .            (no helmet)
rElec   .            (no cloak)
rCorr   +            u - +1 pair of gloves
SInv    .            (no boots)
Will    .....        (no amulet)
Stlth   ++           o - ring of resist corrosion
HPRegen 0.27/turn    t - ring of protection from cold
MPRegen 0.10/turn

%: no passive effects
@: no status effects
A: fangs 1, strong nose, distributed training
a: no special abilities


You were on level 4 of the Dungeon.
You visited 1 branch of the dungeon, and saw 4 of its levels.

You collected 195 gold pieces.

Inventory:

Hand Weapons
 a - a +0 dagger
 n - a +0 morningstar (weapon)
Missiles
 d - 8 boomerangs (quivered)
 v - 8 poisoned darts
Armour
 g - a +0 leather armour (worn)
 u - a +1 pair of gloves (worn)
Jewellery
 o - a ring of resist corrosion (left hand)
 t - a ring of protection from cold (right hand)
Scrolls
 b - 2 scrolls of blinking
 c - 4 scrolls of fog
 f - a scroll of fear
 i - a scroll of torment {unknown}
 j - a scroll of poison {unknown}
 l - a scroll of summoning {unknown}
 m - a scroll of amnesia {unknown}
 r - 3 scrolls of identify {unknown}
 s - a scroll of immolation {unknown}
 y - a scroll of teleportation {unknown}
Potions
 e - a potion of berserk rage
 h - 2 potions of brilliance
 k - a potion of degeneration {unknown}
 p - a potion of curing
 q - a potion of enlightenment {unknown}
 w - 2 potions of heal wounds {unknown}
 x - a potion of lignification {unknown}
 z - a potion of might {unknown}


   Skills:
 + Level 4.8 Fighting
 + Level 1.4 Short Blades
 + Level 1.4 Long Blades
 + Level 1.4 Axes
 + Level 1.4 Maces & Flails
 + Level 1.4 Polearms
 + Level 1.4 Staves
 + Level 1.4 Ranged Weapons
 + Level 4.8 Throwing
 + Level 1.4 Armour
 + Level 3.0 Dodging
 + Level 2.7 Stealth
 + Level 1.4 Shields
 + Level 8.6 Unarmed Combat
 + Level 1.4 Spellcasting
 + Level 1.1 Conjurations
 + Level 1.1 Hexes
 + Level 1.1 Summonings
 + Level 1.1 Necromancy
 + Level 1.1 Translocations
 + Level 1.1 Fire Magic
 + Level 1.1 Ice Magic
 + Level 1.1 Air Magic
 + Level 1.1 Earth Magic
 + Level 1.1 Alchemy
 + Level 1.6 Invocations
 + Level 1.4 Evocations
 + Level 1.3 Shapeshifting


You had 3 spell levels left.
You knew the following spells:

 Your Spells              Type           Power      Damage    Failure   Level
a - Mephitic Cloud        Conj/Alch/Air  3%         N/A       58%         3

Your spell library contained the following spells:

 Spells                   Type           Power      Damage    Failure   Level
 Slow                     Hex            12%        N/A       26%         1
 Confusing Touch          Hex            3%         N/A       58%         3
 Dazzling Flash           Conj/Hex       6%         N/A       58%         3
 Sigil of Binding         Hex            3%         N/A       58%         3
 Vampiric Draining        Necr           3%         2d6       58%         3
 Curse of Agony           Necr           3%         N/A       100%        5
 Silence                  Hex/Air        1%         N/A       100%        5


Dungeon Overview and Level Annotations

Branches:
Dungeon (4/15)
 Temple: D:4-7

Altars:
Nemelex Xobeh


Innate Abilities, Weirdness & Mutations

You have very sharp teeth.
Your uncanny sense of smell can sniff out nearby items.
Your experience applies equally to all skills.


Message History

The gnoll shouts!
You hear a shout! x3
A gnoll bouda comes into view. It is wielding a +0 whip.
You see here a dart slug corpse.
You puncture the gnoll bouda!
You punch the gnoll bouda, but do no damage.
The gnoll bouda is moderately wounded.
The gnoll bouda hits you with a +0 whip!
You completely miss the gnoll bouda. Your bite misses the gnoll bouda.
The gnoll bouda is moderately wounded.
The gnoll bouda barks out a call to the hunt!
The gnoll picks up the pace!
A gnoll comes into view. It is wielding a +0 halberd.
The gnoll bouda hits you with a +0 whip!
You puncture the gnoll bouda!
The gnoll bouda is severely wounded.
The gnoll misses you.
The gnoll bouda mumbles some strange prayers to its god.
The gnoll bouda is healed somewhat.
You closely miss the gnoll bouda.
The gnoll bouda is heavily wounded.
The gnoll hits you from afar with a +0 halberd.
The gnoll bouda barely misses you.
The gnoll hits you from afar with a +0 halberd.
Throw: 10 darts (poison)
Press: ? - help, Shift-Dir - straight line, f - gnoll bouda
Aim: a gnoll bouda, wielding a +0 whip and wearing a +0 robe (heavily wounded, 61% to hit)
You throw a poisoned dart. The poisoned dart hits the gnoll bouda.
The gnoll bouda is heavily wounded.
The gnoll bouda barely misses you.
Unknown command.
Throw: 9 darts (poison)
Press: ? - help, Shift-Dir - straight line, f/p - gnoll bouda
Aim: a gnoll bouda, wielding a +0 whip and wearing a +0 robe (heavily wounded, 61% to hit)
You throw a poisoned dart. The poisoned dart hits the gnoll bouda.
The gnoll bouda is poisoned.
The gnoll bouda is heavily wounded.
The gnoll hits you from afar with a +0 halberd!
* * * LOW HITPOINT WARNING * * *
The gnoll bouda hits you with a +0 whip!
You die...

#.###########.# #.#..# #.#
#####.#..# #.#
###.....#..########.#######
............................
#####.#####.###.####........
... #..†..# ######### ###
#.#.#.# ∆ . ...#@#.# # ###
#g# # #


gg# # #### # .. # # #.. .# # #.. ########.#. . ##.. #.......... # ...##
#.......... You could see a gnoll bouda (poisoned) and 2 gnolls.

Vanquished Creatures
  A hound (D:4)
  4 adders
  3 ribbon worms
  3 dart slugs
  5 ball pythons
  4 bats
  5 endoplasms
  3 giant cockroaches
  8 goblins
  4 hobgoblins
  3 jackals (D:1)
  3 quokkas
  5 frilled lizards
  6 kobolds
  6 rats
63 creatures vanquished.

Notes
Turn   | Place    | Note
-------+----------+-------------------------------------------
     0 | D:1      | zazu2006 the Gnoll Wanderer began the quest for the Orb.
     0 | D:1      | zazu2006 set off with the following items: a +0 dagger, a
                  | scroll of blinking, a scroll of fog, 9 boomerangs, a potion
                  | of berserk rage, a scroll of fear, a +0 leather armour.
     0 | D:1      | Reached XP level 1. HP: 20/20 MP: 1/1
    73 | D:1      | HP: 1/20 [goblin/+0 dagger (2)]
   204 | D:1      | Reached XP level 2. HP: 26/26 MP: 2/2
   500 | D:1      | Reached XP level 3. HP: 31/31 MP: 3/3
   757 | D:1      | Learned a level 3 spell: Mephitic Cloud
   786 | D:2      | Reached skill level 1 in Invocations
  1233 | D:2      | Reached skill level 1 in Short Blades
  1233 | D:2      | Reached skill level 1 in Long Blades
  1233 | D:2      | Reached skill level 1 in Axes
  1233 | D:2      | Reached skill level 1 in Maces & Flails
  1233 | D:2      | Reached skill level 1 in Polearms
  1233 | D:2      | Reached skill level 1 in Staves
  1233 | D:2      | Reached skill level 1 in Ranged Weapons
  1233 | D:2      | Reached skill level 1 in Armour
  1233 | D:2      | Reached skill level 1 in Shields
  1233 | D:2      | Reached skill level 1 in Spellcasting
  1233 | D:2      | Reached skill level 1 in Evocations
  1532 | D:2      | Reached skill level 1 in Shapeshifting
  1532 | D:2      | Reached XP level 4. HP: 38/38 MP: 5/5
  1882 | D:3      | Reached skill level 1 in Conjurations
  1882 | D:3      | Reached skill level 1 in Hexes
  1882 | D:3      | Reached skill level 1 in Summonings
  1882 | D:3      | Reached skill level 1 in Necromancy
  1882 | D:3      | Reached skill level 1 in Translocations
  1882 | D:3      | Reached skill level 1 in Fire Magic
  1882 | D:3      | Reached skill level 1 in Ice Magic
  1882 | D:3      | Reached skill level 1 in Air Magic
  1882 | D:3      | Reached skill level 1 in Earth Magic
  1882 | D:3      | Reached skill level 1 in Alchemy
  2253 | D:3      | Found a sparkling altar of Nemelex Xobeh.
  2742 | D:4      | Reached XP level 5. HP: 37/43 MP: 7/7
  2828 | D:4      | Slain by a gnoll bouda

Illustrated notes

Levels and vault maps discovered:
D:1:      dpeg_arrival_water_temple_mockup, layout_loops_ring,
          grunt_decor_fettered, minmay_misc_feat_diagonals
D:2:      layout_basic
D:3:      layout_basic, nemelex_spade_bored_becter, minmay_misc_feat_columns
D:4:      layout_basic

Skill      XL: |  1  2  3  4 |
---------------+-------------+-----
Invocations    | 1 |  1.6
Short Blades   | 1 |  1.4
Long Blades    | 1 |  1.4
Axes           | 1 |  1.4
Maces & Flails | 1 |  1.4
Polearms       | 1 |  1.4
Staves         | 1 |  1.4
Ranged Weapons | 1 |  1.4
Armour         | 1 |  1.4
Shields        | 1 |  1.4
Spellcasting   | 1 |  1.4
Evocations     | 1 |  1.4
Shapeshifting  | 1 |  1.3
Conjurations   | 1 |  1.1
Hexes          | 1 |  1.1
Summonings     | 1 |  1.1
Necromancy     | 1 |  1.1
Translocations | 1 |  1.1
Fire Magic     | 1 |  1.1
Ice Magic      | 1 |  1.1
Air Magic      | 1 |  1.1
Earth Magic    | 1 |  1.1
Alchemy        | 1 |  1.1
Dodging        | 3 |  3.0
Fighting       | |  4.8
Throwing       | |  4.8
Stealth        | |  2.7
Unarmed Combat | |  8.6

Action                     |  1- 3 |  4- 6 || total
---------------------------+-------+-------++-------
  Melee: Dagger            |    41 |       ||    41
         Bite              |     8 |     7 ||    15
         Punch             |     3 |     8 ||    11
         Morningstar       |    38 |   110 ||   148
  Throw: Boomerang         |    32 |       ||    32
         Dart              |       |     7 ||     7
    Use: Potion            |       |     3 ||     3
   Stab: Sleeping          |     5 |     1 ||     6
 Armour: Leather armour    |    45 |    98 ||   143
  Dodge: Dodged            |    52 |    87 ||   139

Table legend: (Time is in decaauts)
 A = Elapsed time spent in this place.
 B = Non-inter-level travel time spent in this place.
 C = Inter-level travel time spent in this place.
 D = Time resting spent in this place.
 E = Time spent auto-exploring this place.
 F = Levels seen in this place.
 G = Mean time per level.
                   A        B        C        D        E       F      G
               +--------+--------+--------+--------+--------+-----+--------+
         Total |   2892 |   2757 |    135 |      0 |   2187 |   4 |  723.0 |
       Dungeon |   2892 |   2757 |    135 |      0 |   2187 |   4 |  723.0 |
               +--------+--------+--------+--------+--------+-----+--------+

Top non-repeatable levels by time:
     D:2: 932 daAuts
     D:3: 818 daAuts
     D:1: 785 daAuts
     D:4: 356 daAuts
